 Dungeon Crawl Stone Soup version 0.26-a0-466-g989023bd0d (webtiles) character file.

Game seed: 9200595073961178621

46 Morbidden the Ruffian (level 3, -3/33 HPs)
             Began as a Troll Transmuter on July 29, 2020.
             Slain by Edmund
             ... wielding a +1 dire flail of draining
              (15 damage)
             ... on level 3 of the Dungeon.
             The game lasted 00:01:35 (636 turns).

Morbidden the Ruffian (Troll Transmuter)             Turns: 636, Time: 00:01:35

Health: -3/33      AC:  6    Str: 18    XL:     3   Next: 44%
Magic:  2/4        EV:  9    Int: 10    God:
Gold:   105        SH:  0    Dex: 10    Spells: 4/5 levels left

rFire    . . .     SeeInvis .     - Unarmed
rCold    . . .     Faith    .   (no shield)
rNeg     . . .     Spirit   .   a - +0 robe
rPois    .         Reflect  .   (helmet currently unavailable)
rElec    .         Harm     .   (no cloak)
rCorr    +                      (gloves unavailable)
MR       .....                  (boots unavailable)
Stlth    +.........             (no amulet)
HPRegen  0.51/turn              g - ring of resist corrosion
MPRegen  0.09/turn              (no ring)

@: appendages (expiring), very slightly contaminated, heavily drained
A: large, unfitting armour, claws 3, horns 2, talons 2, regeneration 1, shaggy
fur 1, tough skin 3
a: End Transformation


You were on level 3 of the Dungeon.
You had grown temporary horns.
You had grown temporary talons.
You visited 1 branch of the dungeon, and saw 4 of its levels.

You collected 105 gold pieces.

Inventory:

Armour
 a - a +0 robe (worn)
Jewellery
 g - a ring of resist corrosion (left claw)
Scrolls
 d - 2 scrolls of remove curse {unknown}
 e - a scroll of noise {unknown}
 h - a scroll of teleportation {unknown}
Potions
 b - a potion of invisibility {unknown}
 c - a potion of curing
 f - 2 potions of haste {unknown}


   Skills:
 * Level 1.5(0.0) Fighting
 + Level 1.8(0.2) Dodging
 + Level 3.3(1.7) Unarmed Combat
 * Level 1.7(0.1) Spellcasting
 * Level 1.4(0.0) Transmutations


You had 4 spell levels left.
You knew the following spells:

 Your Spells              Type           Power        Failure   Level
a - Beastly Appendage     Tmut           #.....       36%         1

Your spell library contained the following spells:

 Spells                   Type           Power        Failure   Level
 Wereblood                Tmut           #.......     50%         2
 Spider Form              Tmut/Pois      #.........   75%         3
 Ice Form                 Ice/Tmut       #.......     98%         4
 Blade Hands              Tmut           #.........   100%        5


Dungeon Overview and Level Annotations

Branches:
Dungeon (4/15)
 Temple: D:4-7

Altars:
Okawaru

Annotations:
D:3 Edmund
D:4 Ijyb


Innate Abilities, Weirdness & Mutations

You are too large for most types of armour.
You have claws for hands.
Your natural rate of healing is unusually fast.
You are covered in fur. (AC +1)
You have extremely tough skin. (AC +3)
You have a pair of horns on your head.
You have razor-sharp toenails.


Message History

You grow a pair of large bovine horns.
Your feet morph into talons.
Edmund barely misses you.
Unknown command.
Unknown command.
You barely miss Edmund.
Edmund hits you with a +1 dire flail of draining.
You feel drained.
You scratch Edmund.
Edmund is lightly wounded.
Edmund hits you with a +1 dire flail of draining!
You feel drained.
You scratch Edmund but do no damage. You headbutt Edmund, but do no damage.
Edmund is lightly wounded.
Edmund hits you with a +1 dire flail of draining.
You feel drained.
You claw Edmund!
Edmund is moderately wounded.
Edmund asks, "Have you met my wondrous brother?"
Edmund hits you with a +1 dire flail of draining!
You die...

.# .#
####.#
....#
....
#..
#.#
#@#
#@#
#.#
#.#
..#
..#
...#
...#
#...#


You could see Edmund.

Vanquished Creatures
  An adder (D:4)
  2 leopard geckos (D:1)
  3 orcs (D:4)
  2 bats (D:1)
  2 giant cockroaches (D:1)
  7 goblins
  4 hobgoblins
  4 kobolds (D:1)
  A ball python (D:2)
  2 frilled lizards (D:1)
  A rat (D:1)
29 creatures vanquished.

Notes
Turn   | Place    | Note
-------+----------+-------------------------------------------
     0 | D:1      | Morbidden the Troll Transmuter began the quest for the Orb.
     0 | D:1      | Reached XP level 1. HP: 18/18 MP: 1/1
   101 | D:1      | Reached skill level 1 in Fighting
   213 | D:1      | Reached XP level 2. HP: 21/27 MP: 3/3
   491 | D:2      | Found a faded altar of an unknown god.
   494 | D:2      | Reached XP level 3. HP: 31/33 MP: 2/4
   572 | D:2      | You fall into a shaft and drop 2 floors!
   604 | D:4      | Found an iron altar of Okawaru.
   612 | D:4      | Noticed Ijyb
   617 | D:4      | Noticed Edmund
   636 | D:3      | Slain by Edmund

Illustrated notes

Levels and vault maps discovered:
D:1:      minmay_arrival_doors, layout_basic
D:2:      layout_loops_corners, marbit_many_paths,
          chequers_ecumenical_altar_simple, minmay_split_cup_small, uniq_natasha
D:3:      layout_basic, nicolae_overflow_crystal_walls, lemuel_crystal_altar,
          kennysheep_generic_room_6
D:4:      layout_rooms, okawaru_trees_1, fedhas_altar_fruit_tree,
          uniq_blork_the_orc, uniq_ijyb, uniq_edmund

Skill      XL: |  1 |
---------------+----+-----
Fighting       | 1 |  1.5
Dodging        | |  1.8
Unarmed Combat | |  3.3
Spellcasting   | |  1.7
Transmutations | |  1.4

Action                   || total
-------------------------++-------
Melee: Unarmed           ||    59
       Kick              ||     5
       Headbutt          ||     4
       Punch             ||     1
 Cast: Beastly Appendage ||    12
  Use: Potion            ||     1
Armor: Robe              ||    23
Dodge: Dodged            ||    30

Table legend: (Time is in decaauts)
 A = Elapsed time spent in this place.
 B = Non-inter-level travel time spent in this place.
 C = Inter-level travel time spent in this place.
 D = Time resting spent in this place.
 E = Time spent auto-exploring this place.
 F = Levels seen in this place.
 G = Mean time per level.
                   A        B        C        D        E       F      G
               +--------+--------+--------+--------+--------+-----+--------+
         Total |    631 |    629 |      2 |      0 |    440 |   4 |  157.8 |
       Dungeon |    631 |    629 |      2 |      0 |    440 |   4 |  157.8 |
               +--------+--------+--------+--------+--------+-----+--------+

Top non-repeatable levels by time:
     D:1: 488 daAuts
     D:2: 80 daAuts
     D:4: 54 daAuts
     D:3: 8 daAuts
